 Dungeon Crawl Stone Soup version 0.20.0-10-g0535bb4 (webtiles) character file.

49 Hasart the Magician (level 3, -5/29 HPs)
             Began as a Draconian Wizard on June 6, 2017.
             Slain by a gnoll
             ... wielding a +0 spear
              (9 damage)
             ... on level 2 of the Dungeon.
             The game lasted 00:04:08 (1413 turns).

Hasart the Magician (Draconian Wizard)              Turns: 1413, Time: 00:04:09

Health: -5/29      AC:  7    Str:  9    XL:     3   Next: 51%
Magic:  1/7        EV: 12    Int: 19    God:
Gold:   64         SH:  0    Dex:  9    Spells: 0/8 levels left

rFire    . . .     SeeInvis .   h - +0 spear
rCold    . . .     Gourm    .   (no shield)
rNeg     . . .     Faith    .   (armour unavailable)
rPois    .         Spirit   .   m - +2 hat
rElec    .         Reflect  .   (no cloak)
rCorr    .         Harm     .   (no gloves)
MR       .....                  (no boots)
Stlth    ++........             (no amulet)
Regen    0.1/turn               (no ring)
MPRegen  0.1/turn               (no ring)

@: no status effects
A: unfitting armour, cold-blooded, AC +5
a: no special abilities


You were on level 2 of the Dungeon.
You were near starving.

You visited 1 branch of the dungeon, and saw 2 of its levels.

You collected 64 gold pieces.

Inventory:

Hand Weapons
 h - a +0 spear (weapon)
Armour
 m - a +2 hat (worn)
Scrolls
 a - a scroll of fear {unknown}
 d - a scroll of remove curse {unknown}
 e - 3 scrolls of identify {unknown}
 l - a scroll of recharging {unknown}
 o - a scroll of enchant armour {unknown}
Potions
 g - a potion of degeneration {unknown}
 i - a potion of curing {unknown}
 j - a potion of invisibility {unknown}
 k - a potion of berserk rage {unknown}
Books
 b - a book of Minor Magic

   Spells                             Type                      Level
   a - Magic Dart                     Conjuration                  1
   b - Blink                          Translocation                2
   c - Call Imp                       Summoning                    2
   d - Slow                           Hexes                        2
   e - Conjure Flame                  Conjuration/Fire             3
   f - Mephitic Cloud                 Conjuration/Poison/Air       3
Comestibles
 c - a bread ration
 f - 3 royal jellies
 n - 3 fruits


   Skills:
 + Level 1.9 Fighting
 - Level 1.7 Dodging
 - Level 1.7 Stealth
 + Level 3.2 Spellcasting
 * Level 2.4 Conjurations
 - Level 1.0 Summonings
 - Level 1.0 Translocations


You couldn't memorise any spells.
You knew the following spells:

 Your Spells              Type           Power        Failure   Level  Hunger
a - Magic Dart            Conj           ##..         5%          1    None
b - Blink                 Tloc           N/A          14%         2    ##.....
c - Call Imp              Summ           #.......     14%         2    ##.....
d - Mephitic Cloud        Conj/Pois/Air  #.......     32%         3    ###....


Dungeon Overview and Level Annotations

Branches:
Dungeon (2/15)

Altars:


Innate Abilities, Weirdness & Mutations

Your plain brown scales are hard. (AC +5)
You cannot fit into any form of body armour.
You are cold-blooded and may be slowed by cold attacks.


Message History

Aiming: Magic Dart
Press: ? - help, Shift-Dir - straight line, f/p - gnoll
Aim: a gnoll, wielding a spear (translocational energy, heavily wounded)
The magic dart hits the gnoll.
The gnoll is heavily wounded.
Your crimson imp blinks!
Your crimson imp hits the gnoll.
Your crimson imp blinks!
Your crimson imp barely misses the gnoll.
The gnoll hits you from afar with a spear!
* * * LOW HITPOINT WARNING * * *
Your crimson imp hits the gnoll.
Your crimson imp hits the gnoll but does no damage.
You open the door. The gnoll closely misses you.
Your crimson imp closely misses the gnoll.
Your crimson imp blinks!
There is an open door here.
The gnoll closely misses you.
The gnoll hits you from afar with a spear!
You die...

#.# #....##'#.#......#### #.#
##'####...########... #.# #.#
##..# #[.. #.# #####'#####..#
#... #.# #..[......#..# ##.. #.#
#......5..#..#########..
#)########....5....#..##.........
#........'.........##.##.........
...#######....g.@..##>##.........
##.# #...w.....#####.........
.#.# #.###'##### #......... .#.#
#.# ### #[........ .#.# #.#
#......... .#.# #.# #.........
.#.# #.# #......... .#.# #.#
#......... .#.# #.# #.........


You could see a worm, a gnoll and 2 friendly crimson imps.

Vanquished Creatures
  3 oozes
  A dart slug (D:1)
  A leopard gecko (D:1)
  2 bats
  A giant cockroach (D:1)
  2 goblins (D:1)
  3 hobgoblins (D:1)
  A kobold (D:2)
  2 quokkas (D:2)
  2 frilled lizards (D:1)
  3 rats
21 creatures vanquished.

Vanquished Creatures (collateral kills)
  A gnoll (D:2)
  An ooze (D:2)
  A hobgoblin (D:2)
3 creatures vanquished.

Grand Total: 24 creatures vanquished

Notes
Turn   | Place    | Note
-------+----------+-------------------------------------------
     0 | D:1      | Hasart the Draconian Wizard began the quest for the Orb.
     0 | D:1      | Reached XP level 1. HP: 14/14 MP: 4/4
    61 | D:1      | Reached skill level 1 in Fighting
   295 | D:1      | Reached XP level 2. HP: 23/23 MP: 0/6
  1217 | D:2      | Reached XP level 3. HP: 29/29 MP: 4/7
  1221 | D:2      | Learned a level 2 spell: Blink
  1224 | D:2      | Learned a level 2 spell: Call Imp
  1228 | D:2      | Learned a level 3 spell: Mephitic Cloud
  1413 | D:2      | Slain by a gnoll

Skill      XL: |  1  2 |
---------------+-------+-----
Fighting       | 1 |  1.9
Conjurations   | 2 |  2.4
Dodging        | |  1.7
Stealth        | |  1.7
Spellcasting   | |  3.2
Summonings     | |  1.0
Translocations | |  1.0

Action                   || total
-------------------------++-------
Melee: Club              ||    41
       Unarmed           ||     3
       Tailslap          ||     4
       Spear             ||    23
 Cast: Magic Dart        ||    47
       Call Imp          ||     3
 Stab: Sleeping          ||     1
Armor: Skin              ||    19
Dodge: Dodged            ||    54
